[Event "2nd Cambridge Open 2024"]
[Site "Cambridge"]
[Date "2024.02.22"]
[Round "6.28"]
[White "Cole, James"]
[Black "Denderski, Piotr"]
[Result "0-1"]
[ECO "D05"]
[WhiteElo "1940"]
[BlackElo "2137"]
[Annotator "RC"]
[PlyCount "98"]
[EventDate "2024.02.18"]
[EventType "swiss"]
[EventCountry "ENG"]
[SourceTitle "playchess.com"]
[Source "ChessBase"]
[SourceQuality "1"]
[TimeControl "5400+30"]

1. d4 Nf6 2. Nf3 e6 3. e3 d5 4. Bd3 c5 5. b3 a6 6. Bb2 Nbd7 7. Nbd2 Be7 8. O-O O-O 9. Ne5 Qc7 10. f4 b5 11. Nxd7 Bxd7 12. dxc5 b4 13. Rf3 Bb5 14. Bxf6 Bxf6 15. Bxh7+ Kxh7 16. Rh3+ Kg8 17. Qh5 Bh4 18. Rxh4 f6 19. Qh7+ Kf7 20. Rg4 Rg8 21. Nf3 Qxc5 22. Re1 Rac8 23. Nd4 Qc3 24. Qh4 Bd7 25. f5 exf5 26. Rf4 g5 27. Qh5+ Kg7 28. Rff1 Rce8 29. Qh3 Re5 30. Re2 Rh8 31. Qf3 Rhe8 32. Rd1 f4 33. Rd3 Qa1+ 34. Kf2 fxe3+ 35. Kg3 Re4 36. Nf5+ Bxf5 37. Qxf5 Qe5+ 38. Qxe5 R8xe5 39. c3 bxc3 40. Rxc3 d4 41. Rc7+ Re7 42. Rxe7+ Rxe7 43. Kf3 Rd7 44. Re1 f5 45. g3 Kf6 46. Rc1 Ke5 47. Rc5+ Rd5 48. Rc1 g4+ 49. Ke2 Ke4 0-1

[Event "2nd Cambridge Open 2024"]
[Site "Cambridge"]
[Date "2024.02.22"]
[Round "6.29"]
[White "Martin, Lewis"]
[Black "Keohane, Ben"]
[Result "1-0"]
[ECO "A10"]
[WhiteElo "2144"]
[BlackElo "1926"]
[Annotator "RC"]
[PlyCount "77"]
[EventDate "2024.02.18"]
[EventType "swiss"]
[EventCountry "ENG"]
[SourceTitle "playchess.com"]
[Source "ChessBase"]
[SourceQuality "1"]
[TimeControl "5400+30"]

1. c4 f5 2. g3 Nf6 3. Bg2 e6 4. d3 Nc6 5. Nc3 Be7 6. e4 fxe4 7. dxe4 O-O 8. Nh3 Rb8 9. O-O a6 10. f4 Bc5+ 11. Kh1 d6 12. a3 a5 13. Qd3 Qe8 14. Nf2 Bxf2 15. Rxf2 Ng4 16. Rf1 e5 17. f5 Qh5 18. h3 g6 19. Kg1 Nf6 20. g4 Qh4 21. Be3 gxf5 22. exf5 h5 23. g5 Nh7 24. f6 e4 25. Qxe4 Qxe4 26. Nxe4 Ne5 27. Ng3 h4 28. Nf5 Be6 29. Bd5 Bxd5 30. cxd5 Ng6 31. Rac1 Rbc8 32. f7+ Kxf7 33. Nxd6+ Kg8 34. Nxc8 Rxc8 35. d6 c6 36. Bb6 Ne5 37. Rce1 Nd7 38. Bxa5 b6 39. Bc3 1-0

[Event "2nd Cambridge Open 2024"]
[Site "Cambridge"]
[Date "2024.02.22"]
[Round "6.30"]
[White "Okhai, Shabir"]
[Black "Gooding, Ian"]
[Result "1-0"]
[ECO "C18"]
[WhiteElo "2114"]
[BlackElo "1923"]
[Annotator "RC"]
[PlyCount "85"]
[EventDate "2024.02.18"]
[EventType "swiss"]
[EventCountry "ENG"]
[SourceTitle "playchess.com"]
[Source "ChessBase"]
[SourceQuality "1"]
[TimeControl "5400+30"]

1. e4 e6 2. d4 d5 3. Nc3 Bb4 4. e5 c5 5. a3 Bxc3+ 6. bxc3 Ne7 7. Qg4 O-O 8. Bd3 Nbc6 9. Bg5 Qa5 10. Ne2 Ng6 11. O-O Qa4 12. f4 c4 13. Bxg6 fxg6 14. Ra2 Bd7 15. h4 Rf7 16. h5 gxh5 17. Qxh5 Raf8 18. Kh2 Ne7 19. g4 Be8 20. Qh3 Qd7 21. Ng3 h6 22. Bxe7 Qxe7 23. Nh5 Qd8 24. Raa1 Rc7 25. f5 Bxh5 26. Qxh5 Rcf7 27. Rf3 Qg5 28. Qxg5 hxg5 29. Raf1 g6 30. f6 Rh7+ 31. Rh3 Rxh3+ 32. Kxh3 Kf7 33. Kg3 Rh8 34. Rb1 b6 35. a4 a5 36. Rxb6 Rh1 37. Rb7+ Kf8 38. Re7 Rc1 39. Rxe6 Rxc2 40. Rd6 Rxc3+ 41. Kf2 Rb3 42. e6 Rb8 43. Rxd5 1-0

[Event "2nd Cambridge Open 2024"]
[Site "Cambridge"]
[Date "2024.02.22"]
[Round "6.31"]
[White "Woods, Yannick"]
[Black "Payne, Matthew J"]
[Result "0-1"]
[ECO "E69"]
[WhiteElo "1856"]
[BlackElo "2091"]
[Annotator "RC"]
[PlyCount "70"]
[EventDate "2024.02.18"]
[EventType "swiss"]
[EventCountry "ENG"]
[SourceTitle "playchess.com"]
[Source "ChessBase"]
[SourceQuality "1"]
[TimeControl "5400+30"]

1. d4 Nf6 2. c4 g6 3. g3 Bg7 4. Bg2 O-O 5. Nc3 d6 6. h3 c6 7. Nf3 Qc7 8. O-O e5 9. e4 Nbd7 10. Be3 exd4 11. Nxd4 Nc5 12. b4 Ne6 13. Nce2 Re8 14. Qc2 Nxd4 15. Nxd4 Qe7 16. Bg5 h6 17. Bxf6 Bxf6 18. Rad1 Bd7 19. c5 dxc5 20. bxc5 Rad8 21. Qc4 Bxh3 22. Bxh3 Qxe4 23. Rfe1 Qxe1+ 24. Rxe1 Rxe1+ 25. Kg2 Rxd4 26. Qc3 Rg1+ 27. Kh2 Rh1+ 28. Kg2 Rxh3 29. Qf3 Rh5 30. Qxf6 Rd2 31. Qe7 Rf5 32. Qxb7 Rfxf2+ 33. Kh3 Rh2+ 34. Kg4 Rdf2 35. Qxc6 f5# 0-1

[Event "2nd Cambridge Open 2024"]
[Site "Cambridge"]
[Date "2024.02.22"]
[Round "6.32"]
[White "Skettos, Nicolas"]
[Black "Brett, Andrew R"]
[Result "1/2-1/2"]
[ECO "C47"]
[WhiteElo "1880"]
[BlackElo "2072"]
[Annotator "RC"]
[PlyCount "57"]
[EventDate "2024.02.18"]
[EventType "swiss"]
[EventCountry "ENG"]
[SourceTitle "playchess.com"]
[Source "ChessBase"]
[SourceQuality "1"]
[TimeControl "5400+30"]

1. e4 e5 2. Nf3 Nc6 3. Nc3 Nf6 4. d4 exd4 5. Nxd4 Bb4 6. Nxc6 bxc6 7. Bd3 d5 8. exd5 cxd5 9. O-O O-O 10. Bg5 c6 11. Qf3 h6 12. Bxf6 Qxf6 13. Qxf6 gxf6 14. Ne2 Rb8 15. Nd4 Rb6 16. Nf5 Bxf5 17. Bxf5 Re8 18. b3 Re5 19. g4 Kf8 20. Rad1 Ra6 21. a4 Rb6 22. Rd3 a5 23. Rfd1 Bc5 24. Rc3 Bb4 25. Rh3 Kg7 26. Kf1 Bc5 27. Rdd3 Re7 28. Rh5 Re8 29. Rdh3 1/2-1/2

[Event "2nd Cambridge Open 2024"]
[Site "Cambridge"]
[Date "2024.02.22"]
[Round "6.33"]
[White "Bharat Kumar, Balahari"]
[Black "Jefremov, Aivar"]
[Result "1/2-1/2"]
[ECO "E11"]
[WhiteElo "1995"]
[BlackElo "1656"]
[Annotator "RC"]
[PlyCount "160"]
[EventDate "2024.02.18"]
[EventType "swiss"]
[EventCountry "ENG"]
[SourceTitle "playchess.com"]
[Source "ChessBase"]
[SourceQuality "1"]
[TimeControl "5400+30"]

1. d4 e6 2. c4 Nf6 3. Nf3 Bb4+ 4. Bd2 Bxd2+ 5. Nbxd2 O-O 6. e4 d5 7. Bd3 dxe4 8. Nxe4 Nxe4 9. Bxe4 Nd7 10. O-O Nf6 11. Bc2 b6 12. Qd3 Bb7 13. Rad1 Be4 14. Qe2 Bxc2 15. Qxc2 Qd6 16. Rfe1 c6 17. Qa4 Rfb8 18. Ne5 b5 19. Qa6 bxc4 20. Nxc4 Qb4 21. b3 Qb5 22. Qa3 a5 23. Nb2 Nd5 24. Na4 Nb4 25. Rd2 Qf5 26. Red1 Rd8 27. Qc1 Rd6 28. Qc5 Rd5 29. Qc4 Rd6 30. Qc5 Rd5 31. Qc4 Rd6 32. Nc5 e5 33. a3 Nd5 34. dxe5 Qxe5 35. g3 h6 36. Nd3 Qg5 37. Nf4 Rad8 38. h4 Qe5 39. Nxd5 Rxd5 40. Rxd5 cxd5 41. Qc5 Qe2 42. Rd4 Qe5 43. b4 axb4 44. axb4 Ra8 45. Rxd5 Ra1+ 46. Kh2 Qe4 47. Qc8+ Kh7 48. Qf5+ Qxf5 49. Rxf5 Kg6 50. Rf4 Rb1 51. Kg2 f6 52. Kf3 Kf7 53. h5 Ke6 54. g4 f5 55. gxf5+ Ke5 56. Rg4 Kxf5 57. Rxg7 Rxb4 58. Rg6 Rb3+ 59. Kg2 Rb5 60. Rxh6 Kg4 61. Rh8 Rb6 62. h6 Kg5 63. Kg3 Rb3+ 64. f3 Ra3 65. h7 Kg6 66. Rg8+ Kxh7 67. Rg4 Rb3 68. Kf4 Rb4+ 69. Kf5 Rb5+ 70. Kf6 Rb6+ 71. Kg5 Kg7 72. Kf5+ Kf7 73. Ra4 Rb5+ 74. Kg4 Kf6 75. Ra6+ Kf7 76. f4 Rc5 77. f5 Rc1 78. Ra4 Rg1+ 79. Kf4 Rf1+ 80. Kg5 Rg1+ 1/2-1/2

[Event "2nd Cambridge Open 2024"]
[Site "Cambridge"]
[Date "2024.02.22"]
[Round "6.34"]
[White "Wynarczyk, Raymond"]
[Black "Ward, Ieuan C"]
[Result "0-1"]
[ECO "B22"]
[WhiteElo "1703"]
[BlackElo "2028"]
[Annotator "NA RC"]
[PlyCount "44"]
[EventDate "2024.02.18"]
[EventType "swiss"]
[EventCountry "ENG"]
[SourceTitle "playchess.com"]
[Source "ChessBase"]
[SourceQuality "1"]
[TimeControl "5400+30"]

1. e4 c5 2. c3 d5 3. exd5 Qxd5 4. d4 Nc6 5. Nf3 e6 6. Be3 cxd4 7. Nxd4 a6 8. Qb3 Nf6 9. Nd2 Be7 10. N2f3 Qxb3 11. axb3 Nxd4 12. Nxd4 O-O 13. g3 Ng4 14. Bd2 e5 15. Nc2 Rd8 16. Rd1 Bf5 17. Ne3 Be4 18. Ng2 Bf3 19. Rb1 Rxd2 20. Kxd2 Rd8+ 21. Kc2 Be4+ 22. Kc1 Nxf2 0-1

[Event "2nd Cambridge Open 2024"]
[Site "Cambridge"]
[Date "2024.02.22"]
[Round "6.35"]
[White "Evans, Ruben"]
[Black "Mihalik, Agoston"]
[Result "1/2-1/2"]
[ECO "D52"]
[WhiteElo "1647"]
[BlackElo "2146"]
[Annotator "RC"]
[PlyCount "59"]
[EventDate "2024.02.18"]
[EventType "swiss"]
[EventCountry "ENG"]
[SourceTitle "playchess.com"]
[Source "ChessBase"]
[SourceQuality "1"]
[TimeControl "5400+30"]

1. d4 Nf6 2. c4 e6 3. Nf3 d5 4. Nc3 Nbd7 5. Bg5 c6 6. e3 Qa5 7. Nd2 Bb4 8. Rc1 O-O 9. a3 Bxc3 10. Rxc3 dxc4 11. Bxf6 Nxf6 12. Nxc4 Qd5 13. f3 c5 14. dxc5 Qxc5 15. e4 Qg5 16. Kf2 Bd7 17. h4 Qb5 18. g4 Bc6 19. Qc2 Rad8 20. Be2 Rd4 21. Qb3 Rfd8 22. Qxb5 Bxb5 23. Rhc1 g6 24. Ke3 h5 25. e5 Bxc4 26. Bxc4 Ne8 27. gxh5 gxh5 28. Rd3 Rxd3+ 29. Bxd3 Kf8 30. Be4 1/2-1/2

[Event "2nd Cambridge Open 2024"]
[Site "Cambridge"]
[Date "2024.02.22"]
[Round "6.36"]
[White "Crocker, Philip J"]
[Black "De Coverly, Roger D"]
[Result "1/2-1/2"]
[ECO "E62"]
[WhiteElo "2137"]
[BlackElo "1893"]
[Annotator "RC"]
[PlyCount "178"]
[EventDate "2024.02.18"]
[EventType "swiss"]
[EventCountry "ENG"]
[SourceTitle "playchess.com"]
[Source "ChessBase"]
[SourceQuality "1"]
[TimeControl "5400+30"]

1. c4 Nf6 2. g3 g6 3. Bg2 Bg7 4. Nc3 d6 5. d4 O-O 6. h3 Nc6 7. Nf3 e5 8. Be3 Re8 9. dxe5 Nxe5 10. b3 Nh5 11. Nxe5 Bxe5 12. Bd4 c6 13. O-O Qe7 14. Qd2 Ng7 15. Rad1 Nf5 16. Bxe5 dxe5 17. Ne4 Nd4 18. e3 Ne6 19. Qc3 Nc5 20. Nxc5 Qxc5 21. b4 Qe7 22. c5 e4 23. Rd4 f5 24. Rfd1 Be6 25. Bf1 Rad8 26. Bc4 Rxd4 27. Rxd4 Qf7 28. Bxe6 Qxe6 29. Rd6 Qf7 30. Qd4 Re7 31. a4 a6 32. h4 h5 33. Rf6 Qe8 34. Rd6 Qf7 35. Kg2 Qg7 36. Rd8+ Kh7 37. Qd6 Rf7 38. Qe6 Re7 39. Qd6 Rf7 40. Qd2 Qf6 41. Rd6 Qg7 42. Qa2 Re7 43. Qc4 Qf7 44. Qc2 Qg7 45. Qd1 Rf7 46. Rd8 Re7 47. Qd6 Rf7 48. Qe6 Re7 49. Qc4 Qf7 50. Qd4 Qg7 51. Kf1 Qxd4 52. exd4 Kg7 53. Ke2 Kf6 54. Ke3 Ke6 55. Kf4 Kf6 56. d5 cxd5 57. Rxd5 e3 58. Rd6+ Kf7 59. fxe3 Re4+ 60. Kg5 Rxb4 61. Rf6+ Ke7 62. Kxg6 Rxa4 63. Rb6 Rg4+ 64. Kxf5 Rxg3 65. Rxb7+ Kd8 66. Ra7 Rxe3 67. Rxa6 Rc3 68. Ra5 Rg3 69. Ke6 Rg6+ 70. Kd5 Rg4 71. Kc6 Rxh4 72. Ra8+ Ke7 73. Rh8 Rh1 74. Kc7 h4 75. c6 h3 76. Rh7+ Ke8 77. Kb8 h2 78. c7 Rb1+ 79. Ka7 Ra1+ 80. Kb6 Rb1+ 81. Kc5 Rc1+ 82. Kd6 Rd1+ 83. Ke6 Re1+ 84. Kd5 Rd1+ 85. Ke4 Rc1 86. Rxh2 Rxc7 87. Rh8+ Kd7 88. Rh7+ Kd8 89. Rxc7 Kxc7 1/2-1/2

[Event "2nd Cambridge Open 2024"]
[Site "Cambridge"]
[Date "2024.02.22"]
[Round "6.37"]
[White "Mata, Adilson"]
[Black "Ismail, Mohammed Aayan"]
[Result "0-1"]
[ECO "A14"]
[WhiteElo "1924"]
[BlackElo "2115"]
[Annotator "RC"]
[PlyCount "61"]
[EventDate "2024.02.18"]
[EventType "swiss"]
[EventCountry "ENG"]
[SourceTitle "playchess.com"]
[Source "ChessBase"]
[SourceQuality "1"]
[TimeControl "5400+30"]

1. c4 Nf6 2. g3 e6 3. Bg2 d5 4. Nf3 Be7 5. O-O O-O 6. b3 Nbd7 7. Bb2 b6 8. Qc2 Bb7 9. cxd5 exd5 10. Nd4 c5 11. Nf5 Re8 12. Nxe7+ Qxe7 13. e3 Rac8 14. d3 Ne5 15. Na3 Qe6 16. h3 h5 17. Rfd1 Qf5 18. d4 Nf3+ 19. Kh1 Ne4 20. Qe2 Nxd4 21. Bxd4 Nxf2+ 22. Kh2 Nxd1 23. Qxd1 cxd4 24. Nb5 Qg6 25. Qxd4 Rc2 26. Nc3 Rxe3 27. Qxe3 Rxg2+ 28. Kh1 Qc2 29. Qf3 d4 30. Qxb7 Rh2+ 31. Kg1 0-1

[Event "2nd Cambridge Open 2024"]
[Site "Cambridge"]
[Date "2024.02.22"]
[Round "6.38"]
[White "Simpson, Ben"]
[Black "Waller, Dan"]
[Result "0-1"]
[ECO "A90"]
[WhiteElo "1873"]
[BlackElo "2126"]
[Annotator "RC"]
[PlyCount "88"]
[EventDate "2024.02.18"]
[EventType "swiss"]
[EventCountry "ENG"]
[SourceTitle "playchess.com"]
[Source "ChessBase"]
[SourceQuality "1"]
[TimeControl "5400+30"]

1. d4 f5 2. Nf3 e6 3. c4 Nf6 4. g3 d5 5. Bg2 c6 6. O-O Bd6 7. b3 Qe7 8. a4 a5 9. Ba3 Bxa3 10. Nxa3 Nbd7 11. Nc2 b6 12. Nce1 Ba6 13. Rc1 c5 14. Nd3 dxc4 15. bxc4 Rd8 16. Nfe5 Nxe5 17. dxe5 Ng4 18. Qb3 Qc7 19. h3 Nh6 20. Rb1 Rb8 21. Rfd1 Nf7 22. Qc3 O-O 23. Rd2 Rfd8 24. f4 Qd7 25. Nxc5 Qxd2 26. Qxd2 Rxd2 27. Nxa6 Rbd8 28. Kf2 Rc2 29. Rxb6 Rxc4 30. h4 Nh6 31. Bf3 Ng4+ 32. Bxg4 fxg4 33. Rxe6 Kf7 34. Rb6 Rdc8 35. Rb7+ Kf8 36. Nb8 Rb4 37. Nd7+ Ke8 38. Ra7 Re4 39. Nb6 Rc2 40. Ra8+ Kf7 41. Ra7+ Kg6 42. Ke1 Rexe2+ 43. Kd1 Red2+ 44. Ke1 Rh2 0-1

[Event "2nd Cambridge Open 2024"]
[Site "Cambridge"]
[Date "2024.02.22"]
[Round "6.39"]
[White "McMahon, Paul"]
[Black "Southcott-Moyers, Indy"]
[Result "0-1"]
[ECO "B10"]
[WhiteElo "1862"]
[BlackElo "2123"]
[Annotator "RC"]
[PlyCount "112"]
[EventDate "2024.02.18"]
[EventType "swiss"]
[EventCountry "ENG"]
[SourceTitle "playchess.com"]
[Source "ChessBase"]
[SourceQuality "1"]
[TimeControl "5400+30"]

1. e4 c6 2. Nf3 d5 3. exd5 cxd5 4. Ne5 Nc6 5. d4 a6 6. c3 Nxe5 7. dxe5 Bf5 8. g4 Be4 9. f3 Bxb1 10. Rxb1 e6 11. Be3 Ne7 12. Be2 h5 13. f4 hxg4 14. Bxg4 Rc8 15. Qd3 g6 16. h3 Rc4 17. b3 Re4 18. Rd1 Nf5 19. Qxe4 dxe4 20. Rxd8+ Kxd8 21. Bb6+ Kd7 22. Kf2 Kc6 23. Bd4 Be7 24. Bxf5 gxf5 25. Kg2 Bf8 26. Be3 Bh6 27. Rd1 Kc7 28. Rd6 Kc8 29. Kg3 Rg8+ 30. Kf2 Bf8 31. Rd1 Be7 32. Rg1 Bh4+ 33. Ke2 Rg6 34. a4 b5 35. axb5 axb5 36. Kd2 Kb8 37. c4 bxc4 38. bxc4 Kc8 39. Rxg6 fxg6 40. Kc3 Kd7 41. Kb3 Kc6 42. Kc2 Be7 43. Bd4 Bd8 44. Kb3 Ba5 45. Kc2 Bb6 46. Kc3 Bxd4+ 47. Kxd4 Kb6 48. c5+ Kb5 49. c6 Kxc6 50. Kc4 Kd7 51. Kb3 Ke7 52. Kc4 Kf7 53. Kd4 Kg7 54. Ke3 Kh6 55. Kf2 Kh5 56. Kg3 g5 0-1

[Event "2nd Cambridge Open 2024"]
[Site "Cambridge"]
[Date "2024.02.22"]
[Round "6.40"]
[White "Lazarus, Simon E"]
[Black "Pert, Max"]
[Result "1/2-1/2"]
[ECO "D32"]
[WhiteElo "1845"]
[BlackElo "1950"]
[Annotator "RC"]
[PlyCount "77"]
[EventDate "2024.02.18"]
[EventType "swiss"]
[EventCountry "ENG"]
[SourceTitle "playchess.com"]
[Source "ChessBase"]
[SourceQuality "1"]
[TimeControl "5400+30"]

1. d4 d5 2. c4 e6 3. Nc3 c5 4. cxd5 cxd4 5. Qa4+ Bd7 6. Qxd4 exd5 7. Qxd5 Nf6 8. Qd1 Nc6 9. Nf3 Bc5 10. e3 Qe7 11. Be2 O-O-O 12. O-O Kb8 13. a3 g5 14. Nd4 Qe5 15. Nf3 Qe7 16. Nd4 g4 17. b4 Bb6 18. Bb2 Nxd4 19. exd4 Bc6 20. b5 Rxd4 21. Qb3 Bd7 22. Nd5 Nxd5 23. Bxd4 Bxd4 24. Qxd5 Bxa1 25. Rxa1 Rd8 26. Bf1 Bc8 27. Qc4 Be6 28. Qe4 Qf6 29. Rc1 Qb2 30. Qf4+ Ka8 31. Qc7 Qd4 32. a4 Qd6 33. Qa5 b6 34. Qe1 Qd2 35. Qe4+ Qd5 36. Qe3 Qd2 37. Qe4+ Qd5 38. Qe3 Qd2 39. Qe4+ 1/2-1/2

[Event "2nd Cambridge Open 2024"]
[Site "Cambridge"]
[Date "2024.02.22"]
[Round "6.41"]
[White "Homer, Stephen J"]
[Black "Yu, Rock"]
[Result "1/2-1/2"]
[ECO "C01"]
[WhiteElo "2045"]
[BlackElo "1767"]
[Annotator "RC"]
[PlyCount "70"]
[EventDate "2024.02.18"]
[EventType "swiss"]
[EventCountry "ENG"]
[SourceTitle "playchess.com"]
[Source "ChessBase"]
[SourceQuality "1"]
[TimeControl "5400+30"]

1. e4 e6 2. d4 d5 3. Bd3 dxe4 4. Bxe4 Nf6 5. Bf3 c5 6. Ne2 Nc6 7. Be3 Nd5 8. Bxd5 Qxd5 9. Nbc3 Qd8 10. dxc5 Qa5 11. a3 f5 12. b4 Qc7 13. Bf4 e5 14. Nd5 Qf7 15. Bc1 Be6 16. c4 b6 17. Nec3 bxc5 18. Qa4 Qd7 19. O-O Kf7 20. Rd1 Nd4 21. Qxd7+ Bxd7 22. b5 g6 23. a4 Bg7 24. a5 Be6 25. Ra2 Rhd8 26. Bg5 Rd6 27. Rb1 Rd7 28. b6 Bxd5 29. Nxd5 axb6 30. Rxb6 Rda7 31. Be7 Rxa5 32. Rxa5 Rxa5 33. h4 e4 34. Bd6 Ne2+ 35. Kh2 Bd4 1/2-1/2

[Event "2nd Cambridge Open 2024"]
[Site "Cambridge"]
[Date "2024.02.22"]
[Round "6.42"]
[White "Mocic, Ivano"]
[Black "Lenton, Oliver J"]
[Result "1-0"]
[ECO "A40"]
[WhiteElo "2008"]
[BlackElo "1787"]
[Annotator "NA RC"]
[PlyCount "49"]
[EventDate "2024.02.18"]
[EventType "swiss"]
[EventCountry "ENG"]
[SourceTitle "playchess.com"]
[Source "ChessBase"]
[SourceQuality "1"]
[TimeControl "5400+30"]

1. d4 e5 2. dxe5 d6 3. exd6 Bxd6 4. Nf3 Bg4 5. e3 Nc6 6. Be2 Qe7 7. O-O O-O-O 8. Nbd2 Nf6 9. c3 h5 10. Qc2 Ne5 11. b3 g5 12. Bb2 Rdg8 13. c4 Ned7 14. Rfe1 h4 15. Nd4 Bxh2+ 16. Kxh2 Qd6+ 17. Kg1 h3 18. g3 Ne5 19. Ne4 h2+ 20. Kh1 Nxe4 21. Qxe4 Bd7 22. Nb5 f5 23. Nxd6+ cxd6 24. Qg2 Bc6 25. f3 1-0

[Event "2nd Cambridge Open 2024"]
[Site "Cambridge"]
[Date "2024.02.22"]
[Round "6.43"]
[White "Maton, Emily"]
[Black "Hutchinson, Paul A"]
[Result "0-1"]
[ECO "E90"]
[WhiteElo "1736"]
[BlackElo "2013"]
[Annotator "RC"]
[PlyCount "114"]
[EventDate "2024.02.18"]
[EventType "swiss"]
[EventCountry "ENG"]
[SourceTitle "playchess.com"]
[Source "ChessBase"]
[SourceQuality "1"]
[TimeControl "5400+30"]

1. d4 g6 2. Nf3 Nf6 3. c4 Bg7 4. Nc3 d6 5. e4 O-O 6. Bd3 c6 7. h3 a6 8. a4 a5 9. Be3 Na6 10. Qd2 Nb4 11. Bb1 Re8 12. O-O Qc7 13. d5 Nd7 14. Nd4 Nc5 15. Ra3 e5 16. dxe6 Bxe6 17. b3 Rad8 18. f4 Bc8 19. f5 Qe7 20. Bh6 Bh8 21. Kh1 d5 22. exd5 cxd5 23. fxg6 hxg6 24. Bg5 f6 25. Bh4 g5 26. Bf2 Ne4 27. Bxe4 dxe4 28. Be3 Qe5 29. Nce2 f5 30. Bxg5 Rxd4 31. Nxd4 Qxd4 32. Qf4 Qd3 33. Bh6 Kh7 34. Rg1 Be5 35. Qh4 Qg3 36. Qxg3 Bxg3 37. Bd2 Nd3 38. Rb1 e3 39. Bxa5 e2 40. Raa1 f4 41. Kg1 Bf5 42. Bd2 Bf2+ 43. Kh2 Bd4 44. Ra3 Be5 45. Kg1 Bd4+ 46. Kh2 f3 47. gxf3 Ne5 48. Re1 Nxf3+ 49. Kg3 Nxd2 50. Ra2 Bc3 51. Kf4 Bd3 52. a5 Nxb3 53. Rexe2 Bxe2 54. a6 bxa6 55. Rxa6 Bd2+ 56. Kg3 Be3 57. h4 Rg8+ 0-1

[Event "2nd Cambridge Open 2024"]
[Site "Cambridge"]
[Date "2024.02.22"]
[Round "6.44"]
[White "Chan, Michelle (Ngo Yu)"]
[Black "Iyengar, Ilya"]
[Result "0-1"]
[ECO "B81"]
[WhiteElo "1681"]
[BlackElo "1972"]
[Annotator "RC"]
[PlyCount "110"]
[EventDate "2024.02.18"]
[EventType "swiss"]
[EventCountry "ENG"]
[SourceTitle "playchess.com"]
[Source "ChessBase"]
[SourceQuality "1"]
[TimeControl "5400+30"]

1. e4 c5 2. Nf3 e6 3. d4 cxd4 4. Nxd4 Nf6 5. Nc3 d6 6. g4 h6 7. Rg1 Nc6 8. Be3 a6 9. Nxc6 bxc6 10. Qf3 d5 11. O-O-O Qa5 12. Bd4 Nd7 13. exd5 cxd5 14. Bg2 Bb7 15. Rge1 Rb8 16. Ba7 Ra8 17. Bd4 Rb8 18. Qf4 Be7 19. Qg3 O-O 20. f4 Qd8 21. g5 hxg5 22. h4 g4 23. Qxg4 Bf6 24. Bh3 Bxd4 25. Rxd4 Qf6 26. Rd3 Nc5 27. Rg3 Bc8 28. Reg1 g6 29. h5 d4 30. Nd1 Ne4 31. R3g2 e5 32. Qf3 Bxh3 33. Qxh3 Qxf4+ 34. Kb1 g5 35. Qd3 f5 36. Qxa6 Rf7 37. h6 Kh7 38. Rf1 Nd2+ 39. Rxd2 Qxd2 40. Qe6 Rbf8 41. Qxe5 d3 42. Qc3 dxc2+ 43. Qxc2 Qxc2+ 44. Kxc2 Kxh6 45. a4 g4 46. Rh1+ Kg5 47. b4 g3 48. Rg1 f4 49. b5 Kh4 50. b6 f3 51. Ne3 f2 52. Rf1 Rf3 53. Ng2+ Kh3 54. Kd2 Kxg2 55. Ke2 Re8+ 0-1

[Event "2nd Cambridge Open 2024"]
[Site "Cambridge"]
[Date "2024.02.22"]
[Round "6.45"]
[White "Prince, Alan R"]
[Black "Hutchinson, Norman A"]
[Result "1/2-1/2"]
[ECO "A07"]
[WhiteElo "1652"]
[BlackElo "1962"]
[Annotator "RC"]
[PlyCount "130"]
[EventDate "2024.02.18"]
[EventType "swiss"]
[EventCountry "ENG"]
[SourceTitle "playchess.com"]
[Source "ChessBase"]
[SourceQuality "1"]
[TimeControl "5400+30"]

1. Nf3 Nf6 2. g3 c6 3. Bg2 d5 4. d3 Bg4 5. h3 Bxf3 6. Bxf3 e5 7. Nd2 Nbd7 8. O-O Bc5 9. e4 O-O 10. c3 dxe4 11. dxe4 Qc7 12. b4 Be7 13. Bb2 Rfd8 14. Qe2 Nf8 15. Rfd1 Rd7 16. Nc4 Rad8 17. Rxd7 Rxd7 18. Rd1 Rxd1+ 19. Qxd1 b5 20. Ne3 Qd7 21. Qxd7 N8xd7 22. Ng4 Kf8 23. Nxf6 Nxf6 24. Bc1 Ke8 25. Be3 a6 26. Kf1 Kd7 27. Ke2 c5 28. a3 Kc6 29. Bg2 Ne8 30. f4 f6 31. Bf3 cxb4 32. axb4 Bd8 33. Kd3 Bb6 34. Bd1 Bxe3 35. Kxe3 Nd6 36. Bb3 Nc4+ 37. Kd3 Nd6 38. Ke3 Kb6 39. Kd3 a5 40. bxa5+ Kxa5 41. Ke3 Kb6 42. Kd3 Kc5 43. Be6 Ne8 44. Bb3 Nc7 45. Bf7 Na8 46. Bb3 Nc7 47. Bf7 Na6 48. Bb3 Nb8 49. Be6 Nc6 50. Bf7 exf4 51. gxf4 g5 52. Ke3 h6 53. Kf3 b4 54. cxb4+ Nxb4 55. Kg4 Nd3 56. fxg5 fxg5 57. Kh5 Kd4 58. Kxh6 g4 59. hxg4 Ne5 60. Bg6 Nxg4+ 61. Kg5 Ne5 62. Bf5 Nf3+ 63. Kf6 Ne5 64. Kg5 Nf3+ 65. Kf4 Ne5 1/2-1/2

[Event "2nd Cambridge Open 2024"]
[Site "Cambridge"]
[Date "2024.02.22"]
[Round "6.47"]
[White "Banerjee, Supratit"]
[Black "Gardner, Phillip K"]
[Result "1-0"]
[ECO "B22"]
[WhiteElo "1984"]
[BlackElo "1769"]
[Annotator "RC"]
[PlyCount "47"]
[EventDate "2024.02.18"]
[EventType "swiss"]
[EventCountry "ENG"]
[SourceTitle "playchess.com"]
[Source "ChessBase"]
[SourceQuality "1"]
[TimeControl "5400+30"]

1. e4 c5 2. c3 b6 3. d4 Bb7 4. Bd3 Nf6 5. Nd2 cxd4 6. cxd4 Nc6 7. Ne2 Nb4 8. Bb1 Ba6 9. Nf3 e6 10. O-O Bb7 11. a3 Na6 12. Nc3 Nc7 13. Re1 Be7 14. Qd3 d6 15. Bg5 Qd7 16. Bc2 Ba6 17. Qd2 h6 18. Bf4 Rc8 19. Rad1 Bb7 20. d5 e5 21. Bxe5 O-O 22. Bf4 Rfe8 23. Nd4 Bf8 24. Ba4 1-0